Map: Heavy Artillery LE

Players

qqq - Winner!

  • Race: Protoss Protoss
  • League: Platinum
  • Spawn Location: 7:00

Massa - Winner!

  • Race: Terran Terran
  • League: Platinum
  • Spawn Location: 7:00

Browbeat

  • Race: Zerg Zerg
  • League: Diamond
  • Spawn Location: 1:00

AKMujahid

  • Race: Zerg Zerg
  • Spawn Location: 3:00

VOD

Have the link to the VOD?

Description

Time

  • Played on: Dec. 29, 2020, 2:30 p.m.
  • Length: 11:57
Show
View Real Time Build Order
Export as new Build Order

qqq Protoss - Winner!

Build Orders:  

Get SALT Encoding   

  12  0:00  Probe  
  13  0:15  Pylon  
  13  0:18  Probe  
  14  0:30  Probe  
  15  0:43  Forge  
  15  0:54  Pylon  
  15  0:57  Pylon  
  15  1:03  Probe  
  16  1:11  Pylon  
  16  1:25  Pylon  
  16  1:32  Pylon  
  16  1:46  Photon Cannon  
  16  1:54  Photon Cannon  
  16  2:01  Probe  
  17  2:13  Probe, Pylon  
  18  2:33  Photon Cannon  
  18  2:44  Probe  
  19  2:54  Pylon  
  19  2:56  Probe  
  20  3:00  Nexus  
  20  3:05  Pylon  
  20  3:11  Probe  
  21  3:14  Assimilator  
  21  3:16  Assimilator  
  21  3:22  Pylon  
  21  3:23  Probe  
  21  3:44  Probe  
  21  3:47  Gateway  
  22  3:56  Probe  
  22  4:08  Probe (Chrono Boost)  
  24  4:18  Probe (Chrono Boost)  
  24  4:22  Photon Cannon  
  24  4:23  Probe (Chrono Boost), Photon Cannon  
  24  4:29  Probe  
  21  4:34  Probe  
  19  4:47  Probe  
  19  4:50  Probe  
  21  4:59  Probe  
  22  5:03  Cybernetics Core  
  22  5:11  Probe x2 (Chrono Boost)  
  24  5:23  Probe x2 (Chrono Boost)  
  26  5:30  Probe x2 (Chrono Boost)  
  28  5:37  Probe x2  
  28  5:41  Stargate  
  28  5:42  Pylon  
  30  5:51  Stargate  
  30  5:55  Probe (Chrono Boost)  
  30  5:56  Probe (Chrono Boost)  
  32  6:06  Probe x2 (Chrono Boost)  
  32  6:11  Probe x2 (Chrono Boost)  
  36  6:18  Void Ray (Chrono Boost)  
  36  6:21  Probe  
  36  6:22  Probe, Assimilator  
  36  6:24  Assimilator  
  42  6:34  Probe x2  
  46  6:40  Phoenix (Chrono Boost)  
  46  6:43  Photon Cannon  
  46  6:54  Phoenix  
  46  6:55  Fleet Beacon  
  48  7:02  Probe x2  
  48  7:06  Phoenix  
  52  7:14  Probe  
  43  7:49  Probe  
  44  7:53  Carrier (Chrono Boost)  
  44  7:54  Anion Pulse-Crystals  
  44  7:55  Phoenix  
  52  8:01  Probe  
  52  8:05  Robotics Facility  
  53  8:14  Probe  
  53  8:18  Carrier (Chrono Boost)  
  54  8:26  Probe  
  61  8:29  Pylon  
  61  8:32  Pylon  
  61  8:38  Probe  
  62  8:43  Nexus  
  62  8:45  Protoss Air Weapons Level 1  
  62  8:52  Observer  
  63  9:01  Carrier  
  69  9:07  Photon Cannon  
  69  9:13  Photon Cannon  
  69  9:42  Carrier  
  69  9:44  Probe x2  
  77  9:52  Observer  
  78  9:55  Probe  
  78  9:56  Probe x2  
  81  10:04  Tempest  
  86  10:07  Probe  
  86  10:13  Observer  
  88  10:20  Probe  
  89  10:25  Pylon  
  89  10:32  Probe  
  89  10:34  Pylon  
  88  10:40  Void Ray  
  80  10:44  Probe  
  78  10:56  Probe  
  85  11:06  Photon Cannon  
  85  11:08  Photon Cannon, Shield Battery  
  85  11:10  Photon Cannon  
  85  11:11  Pylon  
  91  11:52  Photon Cannon  
  91  11:54  Photon Cannon  
  91  11:57  Photon Cannon  
Show
View Real Time Build Order
Export as new Build Order

Massa Terran - Winner!

Build Orders: 2 Factory, Hellion Opening 

Get SALT Encoding   

  12  0:01  SCV  
  13  0:14  SCV  
  14  0:18  Supply Depot  
  14  0:26  SCV  
  15  0:31  Refinery  
  15  0:40  SCV  
  16  0:45  Barracks  
  16  0:52  SCV  
  17  1:04  SCV  
  18  1:16  SCV  
  19  1:26  Refinery  
  19  1:28  SCV  
  20  1:33  Marine, Supply Depot  
  21  1:48  Factory  
  21  1:52  Orbital Command  
  21  2:00  Barracks Tech Lab  
  21  2:07  Factory  
  21  2:29  Barracks Reactor  
  21  2:31  SCV  
  22  2:43  Hellion  
  22  2:44  Infernal Pre-Igniter  
  24  2:54  Command Center  
  24  3:06  Hellion  
  26  3:14  Barracks Tech Lab  
  26  3:15  Hellion x2  
  30  3:33  Supply Depot  
  30  3:35  Supply Depot  
  30  3:41  SCV  
  31  3:54  SCV  
  31  3:55  Hellion x3  
  38  4:12  Marine, Stimpack  
  38  4:16  Hellion x2  
  35  4:32  Hellion  
  35  4:37  Hellion x2  
  41  4:39  SCV  
  41  4:41  Orbital Command  
  42  4:51  SCV  
  39  5:04  Hellion x3  
  39  5:05  Marine  
  44  5:07  SCV x2  
  46  5:19  SCV  
  46  5:20  SCV  
  48  5:26  Widow Mine x2, Hellion  
  54  5:47  Widow Mine  
  52  6:13  Hellion x3  
  52  6:15  Marauder  
  52  6:17  SCV x2  
  62  6:39  Supply Depot x2  
  62  6:40  Engineering Bay  
  62  6:41  Supply Depot x2  
  62  6:45  Refinery  
  62  6:47  Refinery, Command Center  
  62  6:53  Barracks  
  62  6:54  Barracks  
  62  6:55  Barracks  
  62  7:00  Marine  
  62  7:01  SCV x2, Hellion x2  
  69  7:13  SCV x2  
  71  7:18  Marine  
  66  7:32  Siege Tank  
  66  7:34  Widow Mine x2  
  66  7:36  Marine  
  74  7:41  Missile Turret  
  74  7:44  Missile Turret  
  74  7:48  Terran Infantry Weapons Level 1  
  74  7:54  Barracks Reactor, Barracks Tech Lab, Marine  
  74  7:55  Widow Mine x2, Barracks Tech Lab  
  79  8:04  Siege Tank  
  80  8:12  Marauder  
  82  8:16  Widow Mine  
  82  8:19  SCV x3  
  87  8:34  Marauder  
  89  8:35  Armory  
  89  8:36  Siege Tank  
  89  8:39  Starport  
  92  8:49  SCV x2  
  94  9:01  SCV  
  95  9:08  Siege Tank  
  98  9:13  Missile Turret  
  92  9:34  Missile Turret  
  88  9:42  Planetary Fortress  
  88  9:44  SCV x2  
  90  9:48  Marauder x2  
  90  9:49  Marauder, Marine x2  
  98  9:55  Missile Turret, Siege Tank  
  98  9:56  SCV x2  
  98  9:57  Widow Mine x2  
  107  10:01  Starport Tech Lab  
  107  10:05  Starport  
  107  10:06  Marine  
  107  10:07  Marine  
  107  10:11  Engineering Bay  
  109  10:16  Missile Turret  
  109  10:17  Supply Depot  
  109  10:18  Supply Depot  
  109  10:20  Supply Depot  
  109  10:28  Marine x2  
  109  10:31  Marauder  
  109  10:33  Widow Mine  
  108  10:39  Widow Mine, Marauder x2, Siege Tank  
  108  10:41  Supply Depot  
  108  10:42  Missile Turret x3  
  117  10:43  Supply Depot  
  117  10:52  Marauder  
  117  10:54  Widow Mine  
  121  11:01  Marauder x2  
  125  11:05  Supply Depot  
  125  11:06  Missile Turret  
  125  11:07  Supply Depot  
  125  11:22  Marauder  
  127  11:29  Supply Depot  
  127  11:32  Supply Depot  
  97  11:54  Supply Depot  
Show
View Real Time Build Order
Export as new Build Order

Browbeat Zerg 

Build Orders: Hatch First 

Get SALT Encoding   

  12  0:01  Drone  
  13  0:13  Overlord  
  13  0:17  Drone  
  14  0:32  Drone x2  
  16  0:37  Drone  
  17  0:47  Drone  
  18  1:13  Drone x2  
  18  1:16  Hatchery  
  18  1:17  Extractor  
  18  1:31  Drone x2, Spawning Pool  
  19  1:42  Drone  
  20  2:02  Drone x2  
  22  2:18  Metabolic Boost  
  22  2:20  Overlord  
  23  2:42  Extractor  
  22  2:49  Zergling x6  
  22  2:50  Queen  
  27  2:56  Hatchery  
  26  3:04  Hatchery  
  26  3:09  Hatchery  
  26  3:13  Zergling x4  
  28  3:25  Zergling x2  
  29  3:31  Baneling Nest  
  29  3:33  Zergling x2  
  24  4:24  Zergling x2  
  24  4:25  Zergling x12  
  29  4:33  Queen  
  29  4:37  Roach Warren  
  30  4:40  Zergling x4  
  30  4:42  Drone x2  
  30  4:43  Queen  
  36  4:50  Zergling x4  
  35  5:03  Zergling x4  
  35  5:04  Zergling x8  
  38  5:19  Zergling x8  
  41  5:34  Hatchery  
  34  5:53  Roach x6  
  38  6:02  Roach x2  
  42  6:18  Overlord x3  
  42  6:19  Overlord  
  42  6:47  Roach x2  
  42  6:48  Roach x7  
  60  6:56  Lair  
  60  6:58  Drone  
  61  7:01  Drone  
  61  7:02  Drone  
  63  7:40  Drone x3  
  63  7:41  Drone x8  
  74  7:46  Extractor  
  73  8:15  Extractor, Drone  
  73  8:16  Drone x7  
  73  8:17  Extractor, Drone  
  73  8:18  Overlord  
  80  8:25  Glial Reconstitution  
  80  8:29  Hydralisk Den  
  79  8:35  Drone  
  79  8:36  Queen  
  82  8:53  Drone x4  
  82  8:54  Drone x2  
  88  8:56  Overlord x3  
  74  9:48  Grooved Spines  
  74  9:55  Drone  
  74  9:56  Drone x6  
  81  10:31  Hatchery  
  80  10:49  Hydralisk  
  80  10:50  Hydralisk x14  
  80  10:51  Hydralisk  
  80  10:54  Overlord x5  
  80  10:55  Overlord  
  112  11:02  Overlord x3  
  112  11:03  Overlord  
  112  11:18  Roach  
  112  11:19  Roach x12  
  112  11:21  Hatchery  
Show
View Real Time Build Order
Export as new Build Order

AKMujahid Zerg 

Build Orders: Hatch First 

Get SALT Encoding   

  12  0:00  Drone  
  13  0:13  Overlord  
  13  0:20  Drone  
  14  0:32  Drone x2  
  16  0:38  Drone  
  17  0:51  Drone  
  18  1:03  Drone  
  19  1:06  Extractor  
  18  1:11  Hatchery  
  17  1:19  Spawning Pool  
  17  1:20  Drone x2  
  18  1:32  Drone  
  19  1:52  Overlord  
  19  2:05  Queen  
  19  2:07  Zergling x2  
  22  2:09  Metabolic Boost  
  22  2:11  Zergling x2  
  23  2:19  Drone  
  23  2:40  Zergling x2  
  23  2:41  Zergling x2  
  25  2:56  Queen  
  25  2:57  Zergling x6  
  30  3:00  Zergling x4  
  30  3:01  Lair  
  32  3:17  Zergling x8  
  36  3:30  Hatchery  
  35  3:44  Overlord  
  35  3:45  Drone  
  36  4:05  Drone x2  
  36  4:06  Drone  
  26  4:43  Drone x7  
  26  4:44  Drone x4  
  37  4:50  Extractor, Spire  
  35  4:54  Extractor x2  
  33  5:00  Spine Crawler  
  32  5:19  Hatchery, Queen  
  33  5:23  Drone x3  
  36  5:54  Spine Crawler  
  32  6:05  Spine Crawler  
  32  6:06  Mutalisk x6  
  32  6:10  Queen  
  42  6:25  Zerg Flyer Weapons Level 1  
  42  6:30  Drone x2  
  42  6:31  Drone x3  
  47  6:39  Drone x3  
  50  6:56  Drone  
  50  6:57  Drone x5  
  56  7:01  Overlord  
  46  7:35  Drone  
  46  7:36  Drone x15  
  56  7:45  Extractor  
  55  7:54  Extractor  
  54  8:03  Infestation Pit  
  53  8:15  Queen  
  53  8:19  Queen, Zerg Flyer Armor Level 1  
  55  8:20  Drone  
  55  8:21  Drone x2  
  60  8:41  Mutalisk  
  60  8:42  Mutalisk  
  60  8:43  Overlord  
  60  8:44  Overlord x2  
  60  8:46  Hive  
  64  8:58  Overlord  
  64  9:20  Mutalisk x14  
  64  9:21  Mutalisk  
  94  9:28  Drone x2  
  94  9:30  Overlord x2  
  96  9:58  Drone  
  96  9:59  Drone x15  
  112  10:01  Adrenal Glands  
  112  10:07  Overlord x3  
  112  10:15  Greater Spire  
  84  11:02  Zergling x14  
  84  11:03  Zergling x20  
  95  11:06  Baneling Nest  
Tags
 
Add a new tag
Caveats
  • Supply blocks, unpowered buildings, or Contaminate may cause inaccurate times.
  • Supply counts are checked every 10 seconds.